NYP
WILLIAMSPORT CROSSCUTTERS @ BOISE HAWKS
06/27/2044
 
TOP OF THE 1ST
Williamsport Crosscutters batting - Pitching for Boise Hawks : LHP John Mandarino
Pitching: LHP John Mandarino
Batting: RHB Prabhukumar Santhanakrishnan 0-0: Swinging Strike
0-1: Swinging Strike
0-2: Ball
1-2: Foul Ball, location: 2F
1-2: Strikes out swinging
Batting: RHB Alan Weller 0-0: Swinging Strike
0-1: Ball
1-1: Called Strike
1-2: Ball
2-2: Strikes out swinging
Batting: SHB Benjamin Brown 0-0: Foul Ball, location: 2F
0-1: Ball
1-1: Ball
2-1: Ball
3-1: Called Strike
3-2: Base on Balls
Batting: RHB Jimmy Misener 0-0: Called Strike
0-1: Ball
Benjamin Brown is caught stealing 2nd base 2-4
Top of the 1st over - 0 runs, 0 hits, 0 errors, 0 left on base; Williamsport 0 - Boise 0
BOTTOM OF THE 1ST
Boise Hawks batting - Pitching for Williamsport Crosscutters : RHP Alard Kraaijeveld
Pitching: RHP Alard Kraaijeveld
Batting: LHB Bill McGregor 0-0: Called Strike
0-1: Ball
1-1: Called Strike
1-2: Ground out 6-3 (Groundball, 56, EV 88.1 MPH)
Batting: LHB Steve Gilliam 0-0: Ball
1-0: Fly out, F5 (Line Drive, 5, EV 66.2 MPH)
Batting: RHB Ryan Rinaldi 0-0: Ball
1-0: Ball
2-0: DOUBLE (Line Drive, 89D, EV 106.9 MPH)
Batting: LHB Greg Valenzuela 0-0: Ball
1-0: Ball
2-0: Foul Ball, location: 2F
2-1: Fly out, F9 (Flyball, 9D, EV 95.0 MPH)
Bottom of the 1st over - 0 runs, 1 hit, 0 errors, 1 left on base; Williamsport 0 - Boise 0
TOP OF THE 2ND
Williamsport Crosscutters batting - Pitching for Boise Hawks : LHP John Mandarino
Batting: RHB Jimmy Misener 0-0: Ball
1-0: Ball
2-0: Ball
3-0: Called Strike
3-1: Base on Balls
Batting: RHB Matt McDevitt 0-0: Ball
1-0: Called Strike
1-1: Called Strike
1-2: Strikes out swinging
Batting: RHB Allen Gravel 0-0: Called Strike
0-1: Ball
1-1: Foul Ball, location: 2F
1-2: Ball
2-2: Foul Ball, location: 2F
2-2: Foul Ball, location: 2F
2-2: Ball
3-2: Foul Ball, location: 2F
3-2: Base on Balls
Jimmy Misener to second
Batting: RHB Moritake Fukumoto 0-0: Ball
1-0: Ball
2-0: Ball
3-0: Base on Balls
Jimmy Misener to third
Allen Gravel to second
Batting: RHB Ken Gadberry 0-0: Fielders Choice at 2nd, 6-4 (Groundball, 6, EV 88.1 MPH)
Jimmy Misener scores
Allen Gravel to third
Batting: RHB Cory Bonham 0-0: Called Strike
0-1: Foul Ball, location: 2F
0-2: Strikes out swinging
Top of the 2nd over - 1 run, 0 hits, 0 errors, 2 left on base; Williamsport 1 - Boise 0
BOTTOM OF THE 2ND
Boise Hawks batting - Pitching for Williamsport Crosscutters : RHP Alard Kraaijeveld
Batting: RHB Elias Urbina 0-0: Called Strike
0-1: Ball
1-1: Foul Ball, location: 2F
1-2: Ball
2-2: Ball
3-2: Fly out, F8 (Flyball, 8LM, EV 93.1 MPH)
Batting: RHB Eric Delgado 0-0: SINGLE (Line Drive, 9S, EV 108.1 MPH)
Batting: RHB Chris Tatum 0-0: Ball
1-0: Ball
Eric Delgado is caught stealing 2nd base 2-4
2-0: Called Strike
2-1: Swinging Strike
2-2: Ball
3-2: Foul Ball, location: 2F
3-2: Fly out, F9 (Flyball, 9LS, EV 76.9 MPH)
Bottom of the 2nd over - 0 runs, 1 hit, 0 errors, 0 left on base; Williamsport 1 - Boise 0
TOP OF THE 3RD
Williamsport Crosscutters batting - Pitching for Boise Hawks : LHP John Mandarino
Batting: RHB Prabhukumar Santhanakrishnan 0-0: DOUBLE (Flyball, 8RXD, EV 103.1 MPH)
Batting: RHB Alan Weller 0-0: Ball
1-0: Swinging Strike
1-1: Fly out, F8 (Flyball, 78S, EV 86.9 MPH)
Batting: SHB Benjamin Brown 0-0: Swinging Strike
0-1: Swinging Strike
0-2: Foul Ball, location: 2F
0-2: Strikes out swinging
Batting: RHB Jimmy Misener 0-0: Foul Ball, location: 2F
0-1: Ball
1-1: Ball
2-1: Ball
3-1: Base on Balls
Batting: RHB Matt McDevitt 0-0: Ball
1-0: Called Strike
1-1: Foul Ball, location: 2F
1-2: Strikes out looking
Top of the 3rd over - 0 runs, 1 hit, 0 errors, 2 left on base; Williamsport 1 - Boise 0
BOTTOM OF THE 3RD
Boise Hawks batting - Pitching for Williamsport Crosscutters : RHP Alard Kraaijeveld
Batting: LHB Zane Kelton 0-0: Ground out 4-3 (Groundball, 4, EV 88.1 MPH)
Batting: RHB Matt Cone 0-0: Called Strike
0-1: Fly out, F9 (Flyball, 89S, EV 89.4 MPH)
Batting: LHB Bill McGregor 0-0: Called Strike
0-1: Ball
1-1: Foul Ball, location: 2F
1-2: Ball
2-2: Ball
3-2: Base on Balls
Batting: LHB Steve Gilliam 0-0: Ball
Bill McGregor is caught stealing 2nd base 2-6
Bottom of the 3rd over - 0 runs, 0 hits, 0 errors, 0 left on base; Williamsport 1 - Boise 0
TOP OF THE 4TH
Williamsport Crosscutters batting - Pitching for Boise Hawks : LHP John Mandarino
Batting: RHB Allen Gravel 0-0: Ball
1-0: Swinging Strike
1-1: Fly out, F8 (Flyball, 8RXD, EV 95.6 MPH)
Batting: RHB Moritake Fukumoto 0-0: Called Strike
0-1: Ball
1-1: Swinging Strike
1-2: Strikes out swinging
Batting: RHB Ken Gadberry 0-0: Called Strike
0-1: Ball
1-1: Swinging Strike
1-2: SINGLE (Groundball, 4MD, EV 100.0 MPH)
Batting: RHB Cory Bonham 0-0: Called Strike
0-1: Ball
1-1: Ball
2-1: Swinging Strike
2-2: Strikes out swinging
Top of the 4th over - 0 runs, 1 hit, 0 errors, 1 left on base; Williamsport 1 - Boise 0
BOTTOM OF THE 4TH
Boise Hawks batting - Pitching for Williamsport Crosscutters : RHP Alard Kraaijeveld
Batting: LHB Steve Gilliam 0-0: Called Strike
0-1: Swinging Strike
0-2: Fly out, F9 (Flyball, 9, EV 85.0 MPH)
Batting: RHB Ryan Rinaldi 0-0: Ball
1-0: Called Strike
1-1: Foul Ball, location: 2F
1-2: Ball
2-2: Foul Ball, location: 2F
2-2: Ball
3-2: Foul Ball, location: 2F
3-2: Foul Ball, location: 2F
3-2: Foul Ball, location: 2F
3-2: Ground out 6-3 (Groundball, 6, EV 98.8 MPH)
Batting: LHB Greg Valenzuela 0-0: Ball
1-0: Ball
2-0: Ball
3-0: Base on Balls
Batting: RHB Elias Urbina 0-0: Ball
Greg Valenzuela is caught stealing 2nd base 2-4
Bottom of the 4th over - 0 runs, 0 hits, 0 errors, 0 left on base; Williamsport 1 - Boise 0
TOP OF THE 5TH
Williamsport Crosscutters batting - Pitching for Boise Hawks : LHP John Mandarino
Pitching: LHP Glenn Lowther
Batting: RHB Prabhukumar Santhanakrishnan 0-0: Ball
1-0: Called Strike
1-1: SINGLE (Groundball, 25, EV 69.4 MPH) (infield hit)
Batting: RHB Alan Weller 0-0: Called Strike
0-1: Ball
1-1: Ball
2-1: Swinging Strike
2-2: Ball
3-2: Strikes out swinging
Batting: SHB Benjamin Brown 0-0: Ball
Prabhukumar Santhanakrishnan steals 2nd base
1-0: Ball
2-0: SINGLE (Groundball, 34S, EV 70.0 MPH) (infield hit)
Prabhukumar Santhanakrishnan to third
Batting: RHB Jimmy Misener 0-0: Ball
1-0: Called Strike
1-1: Ball
2-1: Foul Ball, location: 2F
2-2: Ball
3-2: Ground out U3 (Groundball, 34, EV 83.1 MPH)
Prabhukumar Santhanakrishnan scores
Benjamin Brown to second
Batting: RHB Matt McDevitt 0-0: Called Strike
0-1: Ball
1-1: Called Strike
1-2: Strikes out swinging
Top of the 5th over - 1 run, 2 hits, 0 errors, 1 left on base; Williamsport 2 - Boise 0
BOTTOM OF THE 5TH
Boise Hawks batting - Pitching for Williamsport Crosscutters : RHP Alard Kraaijeveld
Batting: RHB Elias Urbina 0-0: Fly out, F9 (Flyball, 9S, EV 79.4 MPH)
Batting: RHB Eric Delgado 0-0: Called Strike
0-1: Ball
1-1: Swinging Strike
1-2: Ball
2-2: DOUBLE (Line Drive, 9LM, EV 105.0 MPH)
Batting: RHB Chris Tatum 0-0: Called Strike
0-1: Swinging Strike
0-2: SINGLE (Groundball, 6MD, EV 111.2 MPH)
Eric Delgado to third
Runner from 3rd tries for Home, SAFE, throw by CF to home
Chris Tatum to second
Batting: LHB Zane Kelton 0-0: Fly out, F9 (Line Drive, 9, EV 110.0 MPH)
Runner from 2nd tags up, SAFE at 3rd with throw by RF
Batting: RHB Matt Cone 0-0: Swinging Strike
0-1: Called Strike
0-2: Strikes out looking
Bottom of the 5th over - 1 run, 2 hits, 0 errors, 1 left on base; Williamsport 2 - Boise 1
TOP OF THE 6TH
Williamsport Crosscutters batting - Pitching for Boise Hawks : LHP Glenn Lowther
Batting: RHB Allen Gravel 0-0: Swinging Strike
0-1: Swinging Strike
0-2: Fly out, F9 (Flyball, 9D, EV 95.6 MPH)
Batting: RHB Moritake Fukumoto 0-0: Ball
1-0: Swinging Strike
1-1: Foul Ball, location: 2F
1-2: Foul Ball, location: 2F
1-2: Strikes out swinging
Batting: RHB Ken Gadberry 0-0: Called Strike
0-1: Ball
1-1: Called Strike
1-2: Foul Ball, location: 2F
1-2: Fly out, F8 (Flyball, 89M, EV 85.0 MPH)
Top of the 6th over - 0 runs, 0 hits, 0 errors, 0 left on base; Williamsport 2 - Boise 1
BOTTOM OF THE 6TH
Boise Hawks batting - Pitching for Williamsport Crosscutters : RHP Alard Kraaijeveld
Batting: LHB Bill McGregor 0-0: Swinging Strike
0-1: Swinging Strike
0-2: Ball
1-2: DOUBLE (Line Drive, 78D, EV 106.2 MPH)
Batting: LHB Steve Gilliam 0-0: Ball
Bill McGregor steals 3rd base (no throw)
1-0: Ball
2-0: Foul Ball, location: 2F
2-1: Fly out, F8 (Flyball, 8RM, EV 85.6 MPH)
Runner from 3rd tags up, SCORES, no throw by CF
Pitching: RHP Marty Nieves
Batting: RHB Ryan Rinaldi 0-0: Foul Ball, location: 2F
0-1: Ground out 4-3 (Groundball, 4, EV 87.5 MPH)
Batting: LHB Greg Valenzuela 0-0: Called Strike
0-1: Ball
1-1: Ball
2-1: Swinging Strike
2-2: Ball
3-2: Foul Ball, location: 2F
3-2: Base on Balls
Batting: RHB Elias Urbina 0-0: Ball
1-0: Ball
Greg Valenzuela steals 2nd base
2-0: Foul Ball, location: 2F
2-1: Called Strike
2-2: Strikes out swinging
Bottom of the 6th over - 1 run, 1 hit, 0 errors, 1 left on base; Williamsport 2 - Boise 2
TOP OF THE 7TH
Williamsport Crosscutters batting - Pitching for Boise Hawks : LHP Glenn Lowther
Pitching: LHP Dan Ott
Batting: RHB Cory Bonham 0-0: Ball
1-0: Ball
2-0: Foul Ball, location: 2F
2-1: Fly out, F8 (Flyball, 89D, EV 98.8 MPH)
Batting: RHB Prabhukumar Santhanakrishnan 0-0: Swinging Strike
0-1: Ball
1-1: Ball
2-1: Foul Ball, location: 2F
2-2: TRIPLE (Flyball, 89XD, EV 96.9 MPH)
Batting: RHB Alan Weller 0-0: Foul Ball, location: 2F
0-1: Foul Ball, location: 2F
0-2: Ball
1-2: Foul Ball, location: 2F
1-2: Ball
2-2: SINGLE (Groundball, 34D, EV 96.9 MPH)
Prabhukumar Santhanakrishnan scores
Batting: SHB Benjamin Brown 0-0: Ball
Alan Weller steals 2nd base
1-0: Fly out, F7 (Flyball, 7LM, EV 75.0 MPH)
Batting: RHB Jimmy Misener 0-0: Ball
1-0: Foul Ball, location: 2F
1-1: Foul Ball, location: 2F
1-2: Foul Ball, location: 2F
1-2: Strikes out swinging
Top of the 7th over - 1 run, 2 hits, 0 errors, 1 left on base; Williamsport 3 - Boise 2
BOTTOM OF THE 7TH
Boise Hawks batting - Pitching for Williamsport Crosscutters : RHP Marty Nieves
Batting: RHB Eric Delgado 0-0: Ball
1-0: Fly out, F7 (Flyball, 7LM, EV 85.6 MPH)
Batting: RHB Chris Tatum 0-0: Called Strike
0-1: Fly out, F5 (Popup, 56S, EV 71.2 MPH)
Batting: LHB Zane Kelton 0-0: Called Strike
0-1: Ball
1-1: Ball
2-1: Foul Ball, location: 2F
2-2: Strikes out swinging, 2-3 out at first.
Bottom of the 7th over - 0 runs, 0 hits, 0 errors, 0 left on base; Williamsport 3 - Boise 2
TOP OF THE 8TH
Williamsport Crosscutters batting - Pitching for Boise Hawks : LHP Dan Ott
Pitching: RHP Mike Clark
Batting: RHB Matt McDevitt 0-0: Ball
1-0: Foul Ball, location: 2F
1-1: Swinging Strike
1-2: Ball
2-2: Ball
3-2: Strikes out looking
Batting: RHB Allen Gravel 0-0: Ball
1-0: Called Strike
1-1: Called Strike
1-2: Strikes out looking
Batting: RHB Moritake Fukumoto 0-0: Called Strike
0-1: Ball
1-1: SINGLE (Line Drive, 4MD, EV 101.9 MPH)
Batting: RHB Ken Gadberry 0-0: Foul Ball, location: 2F
0-1: Called Strike
0-2: Ball
1-2: Fly out, F8 (Line Drive, 8RM, EV 91.9 MPH)
Top of the 8th over - 0 runs, 1 hit, 0 errors, 1 left on base; Williamsport 3 - Boise 2
BOTTOM OF THE 8TH
Boise Hawks batting - Pitching for Williamsport Crosscutters : RHP Marty Nieves
Pinch Hitting: LHB Joe Miller 0-0: Ball
1-0: Swinging Strike
1-1: Ball
2-1: Foul Ball, location: 2F
2-2: Foul Ball, location: 2F
2-2: SINGLE (Groundball, 4D, EV 103.1 MPH)
Pitching: LHP Victor Villarreal
Batting: LHB Bill McGregor 0-0: Bunt missed!
0-1: Sac Bunt to 5S - play at first, batter OUT! 5-4
Joe Miller to second
Pinch Hitting: RHB Tyler Stebbins 0-0: Ball
Wild Pitch!
Joe Miller to third
1-0: Swinging Strike
1-1: Ball
2-1: Ball
Wild Pitch!
Joe Miller scores
3-1: Foul Ball, location: 2F
3-2: Foul Ball, location: 2F
3-2: Foul Ball, location: 2F
3-2: Foul Ball, location: 2F
3-2: Foul Ball, location: 2F
3-2: Strikes out swinging
Batting: RHB Ryan Rinaldi 0-0: Ball
1-0: Called Strike
1-1: Foul Ball, location: 2F
1-2: Foul Ball, location: 2F
1-2: Ball
2-2: Strikes out swinging
Bottom of the 8th over - 1 run, 1 hit, 0 errors, 0 left on base; Williamsport 3 - Boise 3
TOP OF THE 9TH
Williamsport Crosscutters batting - Pitching for Boise Hawks : RHP Mike Clark
Pitching: RHP Tye Dickinson
Now at 1B: Tyler Stebbins
Now at 3B: Jamie Locke
Batting: RHB Cory Bonham 0-0: Called Strike
0-1: Foul Ball, location: 2F
0-2: Ball
1-2: Foul Ball, location: 2F
1-2: Foul Ball, location: 2F
1-2: Foul Ball, location: 2F
1-2: Strikes out swinging
Pinch Hitting: SHB Jeff Echt 0-0: Called Strike
0-1: Swinging Strike
0-2: Ball
1-2: Ground out U3 (Groundball, 3, EV 101.9 MPH)
Batting: RHB Alan Weller 0-0: Ball
1-0: Ball
2-0: TRIPLE (Flyball, 89XD, EV 106.9 MPH)
Batting: SHB Benjamin Brown 0-0: Intentional Walk
Batting: RHB Jimmy Misener 0-0: Ball
1-0: Foul Ball, location: 2F
1-1: Called Strike
1-2: Strikes out swinging
Top of the 9th over - 0 runs, 1 hit, 0 errors, 2 left on base; Williamsport 3 - Boise 3
BOTTOM OF THE 9TH
Boise Hawks batting - Pitching for Williamsport Crosscutters : LHP Victor Villarreal
Pitching: RHP Dou-guan Ti
Now in CF: Tsuneharu Nishimura
Batting: LHB Greg Valenzuela 0-0: Called Strike
0-1: Ball
1-1: Swinging Strike
1-2: Strikes out swinging
Batting: RHB Elias Urbina 0-0: Ball
1-0: Called Strike
1-1: Foul Ball, location: 2F
1-2: Foul Ball, location: 2F
1-2: Strikes out swinging
Batting: RHB Eric Delgado 0-0: Foul Ball, location: 2F
0-1: Foul Ball, location: 2F
0-2: Ball
1-2: Ground out 3-1 (Groundball, 34, EV 101.2 MPH)
Bottom of the 9th over - 0 runs, 0 hits, 0 errors, 0 left on base; Williamsport 3 - Boise 3
TOP OF THE 10TH
Williamsport Crosscutters batting - Pitching for Boise Hawks : RHP Tye Dickinson
Batting: RHB Matt McDevitt 0-0: Foul Ball, location: 2F
0-1: Called Strike
0-2: SINGLE (Groundball, 6MD, EV 96.9 MPH)
Batting: RHB Allen Gravel 0-0: Called Strike
0-1: Called Strike
0-2: Strikes out swinging
Batting: RHB Moritake Fukumoto 0-0: Called Strike
0-1: Foul Ball, location: 2F
0-2: Strikes out swinging
Batting: RHB Ken Gadberry 0-0: Ball
1-0: Fielders Choice at 2nd, 5-4 (Groundball, 5L, EV 103.8 MPH)
Top of the 10th over - 0 runs, 1 hit, 0 errors, 1 left on base; Williamsport 3 - Boise 3
BOTTOM OF THE 10TH
Boise Hawks batting - Pitching for Williamsport Crosscutters : RHP Dou-guan Ti
Batting: RHB Chris Tatum 0-0: SINGLE (Groundball, 56, EV 102.5 MPH)
Batting: LHB Zane Kelton 0-0: DOUBLE (Line Drive, 78D, EV 105.0 MPH)
Chris Tatum to third
Batting: SHB Jamie Locke 0-0: Swinging Strike
0-1: Ball
1-1: Ball
2-1: Foul Ball, location: 2F
2-2: Ball
3-2: Strikes out looking
Batting: LHB Bill McGregor 0-0: Intentional Walk
Batting: RHB Tyler Stebbins 0-0: Foul Ball, location: 2F
0-1: Foul Ball, location: 2F
0-2: SINGLE (Groundball, 34, EV 98.8 MPH)
Chris Tatum scores
Bottom of the 10th over - 1 run, 3 hits, 0 errors, 0 left on base; Williamsport 3 - Boise 4
Game Over ... Boise defeats Williamsport, 4 to 3
Thursday, March 31st , 2022 - OOTP Baseball 22.12 Build 89